 Dungeon Crawl Stone Soup version 0.31-a0-164-g2312942fda (webtiles) character file.

Game seed: 10578739662212322339

119421 qw the Marksgargoyle (level 16, -2/110 HPs)
             Began as a Gargoyle Hunter on June 13, 2023.
             Was a High Priest of Okawaru.
             Slain by a nagaraja
             ... wielding a +0 halberd
              (6 damage)
             ... on level 3 of the Snake Pit.
             The game lasted 00:10:13 (23484 turns).

qw the Marksgargoyle (Gargoyle Hunter)             Turns: 23484, Time: 00:10:14

Health: -2/110     AC: 27    Str: 16    XL:     16   Next: 79%
Magic:  32/32      EV: 32    Int:  6    God:    Okawaru [*****.]
Gold:   785        SH:  0    Dex: 26    Spells: 15/15 levels left

rFire   + . .        t - +4 longbow of Ureof {freeze, rElec rN+ MP+9 SInv}
rCold   . . .        (shield currently unavailable)
rNeg    + + .        v - +1 leather armour of Slovenliness {+Blink Int-5 Dex+4 Stlth+}
rPois   inf          D - +1 helmet of a ziggurat {rF+}
rElec   +            d - scarf {repulsion}
rCorr   .            k - +2 pair of gloves
SInv    +            w - +2 pair of boots of the Sturgeon {Dex+3}
Will    +....        n - amulet of faith
Stlth   +++++        e - +5 ring of evasion
HPRegen 0.38/turn    c - +4 ring of slaying {mikee}
MPRegen 0.23/turn

%: repel missiles, faith
@: heroic, untranslocatable, flying, slowed, very slow
A: sickness immunity, AC +12, big wings, negative energy resistance 1,
electricity resistance, torment resistance 1, petrification resistance
a: Renounce Religion, Evoke Blink, Heroism, Finesse, Duel


You were on level 3 of the Snake Pit.
You worshipped Okawaru.
Okawaru was extremely pleased with you.
You visited 4 branches of the dungeon, and saw 25 of its levels.

You collected 2326 gold pieces.
You spent 1541 gold pieces at shops.


Innate Abilities, Weirdness & Mutations

You are immune to sickness and miasma.
Your stone body is resilient. (AC +12)
You are immune to poison.
Your large and strong wings let you fly.
You resist negative energy. (rN+)
You are resistant to electric shocks. (rElec)
You are resistant to unholy torment.
You are immune to petrification.


   Skills:
 + Level 16.3(21.3) Fighting
 - Level 20.0(25.0) Ranged Weapons
 - Level 7.0(12.0) Armour
 - Level 11.0(16.0) Dodging
 - Level 1.1(6.1) Stealth
 - Level 10.0 Invocations


You had 15 spell levels left.
You didn't know any spells.
Your spell library was empty.

Inventory:

Hand Weapons
 t - the +4 longbow of Ureof (weapon) {freeze, rElec rN+ MP+9 SInv}
   (Okawaru gifted it to you on level 11 of the Dungeon)

   rElec:     It insulates you from electricity.
   rN:        It protects you from negative energy.
   MP:        It affects your magic capacity (+9).
   SInv:      It lets you see invisible.
 F - a +3 longbow of flaming
Armour
 a - a +2 helmet
 d - a scarf of repulsion (worn)
 f - a +0 cloak
 k - a +2 pair of gloves (worn)
 v - the +1 leather armour of Slovenliness (worn) {+Blink Int-5 Dex+4 Stlth+}
   (You found it on level 8 of the Dungeon)

   Int:       It affects your intelligence (-5).
   Dex:       It affects your dexterity (+4).
   +Blink:    It lets you blink.
   Stlth:     It makes you more stealthy.
 w - the +2 pair of boots of the Sturgeon (worn) {Dex+3}
   (Okawaru gifted it to you on level 4 of the Lair of Beasts)

   Dex:       It affects your dexterity (+3).
 D - the +1 helmet of a ziggurat (worn) {rF+}
   (You bought it in a shop on level 2 of the Orcish Mines)

   rF:        It protects you from fire.
 G - a +2 robe of resistance
Jewellery
 c - a +4 ring of slaying (right hand) {mikee}
 e - a +5 ring of evasion (left hand)
 g - a ring of protection from fire
 n - an amulet of faith (around neck)
 y - a ring of ice
 A - a ring of protection from cold
 B - an amulet of regeneration
Wands
 H - a wand of digging (8)
Scrolls
 b - 23 scrolls of identify
 m - 4 scrolls of teleportation
 s - 3 scrolls of enchant armour
 C - 3 scrolls of enchant weapon
 E - a scroll of brand weapon
Potions
 h - 2 potions of resistance
 i - 3 potions of attraction
 j - 5 potions of might
 l - a potion of cancellation
 o - 5 potions of haste
 p - 7 potions of curing
 r - 3 potions of magic
 u - 3 potions of lignification
 z - 2 potions of mutation

Dungeon Overview and Level Annotations

Branches:
Dungeon (15/15)            Temple (0/1) D:4            Lair (5/5) D:8
  Swamp (0/4) Lair:2        Snake (3/4) Lair:2        Slime (0/5) Lair:4
    Orc (2/2) D:10            Elf (0/3) Orc:2        Vaults (0/5) D:13
 Depths (0/4) D:15

Altars:
Cheibriados
Dithmenos
Elyvilon
Hepliaklqana
Nemelex Xobeh
Okawaru
Sif Muna
Uskayaw
Yredelemnul
Jiyva

Shops:
D:4 ?   D:7 :[   D:9 *   D:12 *   Orc:2 ?[**

Portals:
Abyss: D:14

Annotations:
D:8 2 runed translucent doors, Amaemon
D:13 2 transporters, Xyoprad's ghost, journeyman FoFi; qw's ghost, journeyman NaHu
D:14 2 transporters, Cofimnas's ghost, journeyman FoFi
Lair:2 2 transporters, qw's ghost, journeyman GrHu


Message History

You kill the nagaraja!
Okawaru accepts your kill. The guardian serpent hits you.
The guardian serpent closely misses you.
The naga mage completely misses you. x2
The naga ritualist spits poison at you. The splash of poison misses you.
The splash of poison hits the guardian serpent.
The guardian serpent completely resists.
The salamander mystic points at you and mumbles some strange words.
The bolt of magma hits you. You partially resist.
The bolt of magma misses the salamander.
The guardian serpent coils itself and waves its upper body at you.
You feel as though you will be slow longer.
The salamander hits you but does no damage.
The guardian serpent hits you! The nagaraja spits poison at you.
The splash of poison is repelled.
The splash of poison hits the naga mage.
The naga mage is poisoned.
The naga mage gestures wildly while chanting.
The naga mage seems to speed up.
23484 ||| STAIRDANCE The guardian serpent coils itself and waves its upper body at you.
The bolt of poison misses you.
The guardian serpent casts a spell at you.
The bolt of poison hits you but does no damage.
You resist.
The bolt of poison hits the naga ritualist.
The naga mage spits poison at you. The splash of poison misses you.
The splash of poison hits the nagaraja but does no damage.
The salamander mystic gestures at the naga ritualist while chanting.
The naga ritualist seems to speed up.
The naga ritualist completely misses you.
The naga ritualist misses you.
The salamander hits you with a +1 trident.
You are engulfed in flames.
You resist.
The nagaraja hits you with a +0 halberd.
You die...

..........#
..........#
ยค.........##
..N........
.......?..#
.NN.......#
#...N)N.#
#..N@S#
##.NSN.#
#####..# #..)
#.... .##. .
#


You could see a nagaraja, a naga warrior, a salamander mystic, 3 salamanders, a
naga ritualist (fast, catching breath), 2 guardian serpents and a naga mage
(fast, poisoned, catching breath).

Vanquished Creatures
  Nikola (Snake:1)
  Jorgrun (Orc:2)
  Frances (Snake:1)
  Kirke (Lair:5)
  Agnes (Snake:1)
  4 nagarajas (Snake:3)
  Aizul (Snake:1)
  An orc warlord (Orc:1)
  A stone giant (D:15)
  Azrael (D:12)
  Nessos (D:12)
  Fannar (Lair:1)
  2 ogre magi (Orc:2)
  A salamander tyrant (Snake:2)
  6 hydras
  6 anacondas
  11 two-headed ogres
  3 boulder beetles
  5 centaur warriors
  6 death yaks (Lair:4)
  3 naga warriors
  2 tengu warriors (D:15)
  2 naga sharpshooters
  Urug (D:10)
  3 skysharks
  A salamander mystic (Snake:2)
  4 skeletal warriors (D:13)
  A goliath frog (Lair:5)
  4 naga ritualists
  2 deep trolls (Orc:2)
  2 bog bodies (Lair:2)
  2 wizards (D:13)
  2 orc knights
  2 deep elf pyromancers
  5 ugly things (D:14)
  5 mana vipers
  4 cyclopes
  4 salamanders
  6 manticores
  20 elephants
  20 black mambas
  6 naga magi (Snake:2)
  A gargoyle (D:7)
  21 cane toads
  An unseen horror (D:12)
  A storm dragon simulacrum (D:15)
  Psyche (D:12)
  2 guardian serpents
  8 komodo dragons
  An efreet (D:13)
  A tengu conjurer (D:14)
  A polar bear (Lair:4)
  15 trolls
  2 tyrant leeches (Lair:5)
  A blink frog (shapeshifter) (D:13)
  26 blink frogs
  3 slime creatures (D:15)
  Sigmund (D:6)
  2 shadows
  3 wyverns
  30 yaks
  2 vampires
  A fire elemental (D:12)
  11 humans
  6 basilisks
  A hog (Lair:5)
  A steam dragon (D:6)
  Eustachio (D:4)
  17 vampire mosquitoes
  Menkaure (D:5)
  6 nagas (Snake:2)
  14 water moccasins
  4 wargs
  2 acid dragons
  16 orc warriors
  An ice beast (D:8)
  A meliai simulacrum (D:14)
  A sky beast (D:6)
  A black bear (Lair:2)
  20 ogres
  11 wolves
  20 centaurs
  17 bullfrogs
  3 gnoll sergeants
  3 scorpions
  5 wights (D:8)
  7 killer bees
  An electric eel (Lair:2)
  8 howler monkeys
  4 lava snakes (Lair:2)
  A jelly (D:6)
  3 hounds
  12 orc priests
  Natasha (twice) (D:3)
  An iguana (D:6)
  17 orc wizards
  2 hell rats (Lair:1)
  Robin (D:3)
  18 gnolls
  4 adders
  5 river rats (Lair:1)
  A white imp (D:7)
  An ufetubus (D:5)
  2 worms (D:4)
  2 dart slugs
  62 orcs
  10 ball pythons
  5 endoplasms
  6 giant cockroaches
  22 goblins
  5 hobgoblins
  2 jackals (D:4)
  8 quokkas
  3 bats
  2 frilled lizards (D:1)
  3 kobolds
  6 rats
669 creatures vanquished.

Vanquished Creatures (others)
  A tengu conjurer (D:14)
1 creature vanquished.

Grand Total: 670 creatures vanquished

Notes
Turn   | Place    | Note
-------+----------+-------------------------------------------
     0 | D:1      | qw the Gargoyle Hunter began the quest for the Orb.
     0 | D:1      | Reached XP level 1. HP: 12/12 MP: 1/1
     0 | D:1      | 0 ||| qw: Version: 0.2-a-29-gc1b59c4
     0 | D:1      | 0 ||| qw: Game counter: 4527
     0 | D:1      | 0 ||| qw: Always use a shield: true
     0 | D:1      | 0 ||| qw: God list: Okawaru
     0 | D:1      | 0 ||| qw: Allow faded altars: false
     0 | D:1      | 0 ||| qw: Do Orc after D:15 true
     0 | D:1      | 0 ||| qw: Do second Lair branch before Depths: true
     0 | D:1      | 0 ||| qw: Lair rune preference: random
     0 | D:1      | 0 ||| qw: Plans: Normal, Zot:1-4, Slime:5, God:TSO, Crypt,
                  | Tomb, Abyss, Pan, Hells, Win
     0 | D:1      | 0 ||| PLANNING D:1-11
   141 | D:1      | Reached XP level 2. HP: 17/17 MP: 2/2
   722 | D:1      | Reached XP level 3. HP: 21/21 MP: 3/3
   770 | D:1      | Reached skill level 5 in Ranged Weapons
   953 | D:1      | 953 ||| UPGRADING to +0 ring mail.
   963 | D:1      | 963 ||| DROPPING +0 leather armour.
   964 | D:1      | 964 ||| READING scroll labelled REIJOM ADUXT.
   965 | D:1      | 965 ||| READING scroll labelled EQUMESS ADILUA.
   982 | D:1      | 982 ||| READING scroll labelled SYISIO NINYNG.
   983 | D:1      | 983 ||| READING scroll labelled KIAKHO QUASMA.
   984 | D:1      | 984 ||| DROPPING scroll of butterflies.
  1000 | D:2      | 1000 ||| STAIRDANCE
  1054 | D:2      | Found a hazy altar of Hepliaklqana.
  1113 | D:2      | Reached skill level 1 in Armour
  1347 | D:2      | Reached skill level 3 in Fighting
  1347 | D:2      | Reached XP level 4. HP: 28/28 MP: 4/4
  1389 | D:2      | Found a faded altar of an unknown god.
  1714 | D:2      | 1714 ||| READING scroll labelled GUHUS GACZU.
  1715 | D:2      | 1715 ||| READING 3 scrolls labelled NEMOUW FAIV.
  1716 | D:2      | 1716 ||| READING scroll labelled NUADWOCZUEKK.
  1717 | D:2      | 1717 ||| READING scroll labelled ERECAI MIARUTA.
  1718 | D:2      | 1718 ||| READING 3 scrolls labelled AFIOL USOOM.
  1719 | D:2      | 1719 ||| DRINKING 2 amethyst potions.
  1720 | D:2      | 1720 ||| READING 2 scrolls of identify.
  1720 | D:2      | 1720 ||| IDENTIFYING silvery potion
  1721 | D:2      | 1721 ||| DROPPING potion of enlightenment.
  1722 | D:2      | 1722 ||| DROPPING 2 scrolls of amnesia.
  2036 | D:3      | Noticed Natasha
  2048 | D:3      | Killed Natasha
  2149 | D:3      | Reached XP level 5. HP: 32/32 MP: 5/5
  2172 | D:3      | Noticed Natasha
  2174 | D:3      | 2174 ||| Stepping ~*~*~tactically~*~*~ (outnumbered).
  2182 | D:3      | HP: 2/32 [Natasha (8)]
  2183 | D:3      | 2183 ||| DRINKING potion of heal wounds.
  2185 | D:3      | Killed Natasha
  2422 | D:3      | Reached skill level 6 in Ranged Weapons
  2556 | D:3      | 2556 ||| Stepping ~*~*~tactically~*~*~ (outnumbered).
  2559 | D:3      | 2559 ||| Stepping ~*~*~tactically~*~*~ (outnumbered).
  2561 | D:3      | 2561 ||| Stepping ~*~*~tactically~*~*~ (outnumbered).
  2573 | D:3      | Reached XP level 6. HP: 26/38 MP: 6/6
  2782 | D:3      | 2782 ||| Stepping ~*~*~tactically~*~*~ (outnumbered).
  2783 | D:3      | 2783 ||| Stepping ~*~*~tactically~*~*~ (outnumbered).
  2820 | D:3      | Found an iron altar of Okawaru.
  2821 | D:3      | 2821 ||| PLANNING OKAWARU WORSHIP
  2821 | D:3      | 2821 ||| UPGRADING to +0 pair of gloves.
  2826 | D:3      | 2826 ||| UPGRADING to +0 helmet.
  2831 | D:3      | 2831 ||| UPGRADING to amulet of faith.
  2836 | D:3      | 2836 ||| UPGRADING to +4 ring of slaying {mikee}.
  2837 | D:3      | 2837 ||| UPGRADING to ring of positive energy.
  2838 | D:3      | 2838 ||| UPGRADING to +5 ring of evasion.
  2840 | D:3      | 2840 ||| UPGRADING to ring of protection from fire.
  2842 | D:3      | 2842 ||| UPGRADING to +4 ring of slaying {mikee}.
  2844 | D:3      | 2844 ||| DROPPING ring of positive energy.
  2845 | D:3      | 2845 ||| DROPPING +4 ring of protection.
  2846 | D:3      | 2846 ||| READING 2 scrolls labelled FIGAG BIPH.
  2847 | D:3      | 2847 ||| READING scroll of enchant armour.
  2847 | D:3      | 2847 ||| ENCHANTING +0 pair of gloves.
  2848 | D:3      | 2848 ||| READING scroll labelled ZAMAUHUGEGG.
  2849 | D:3      | 2849 ||| READING scroll labelled XESKAURCHA DUOPNIFU.
  2850 | D:3      | 2850 ||| READING 3 scrolls of identify.
  2850 | D:3      | 2850 ||| IDENTIFYING lumpy inky potion
  2851 | D:3      | 2851 ||| READING 2 scrolls of identify.
  2851 | D:3      | 2851 ||| IDENTIFYING dark potion
  2852 | D:3      | 2852 ||| DROPPING potion of brilliance.
  2860 | D:3      | Became a worshipper of Warmaster Okawaru
  2860 | D:3      | 2860 ||| PLANNING D:1-11
  2907 | D:3      | Noticed Robin
  2911 | D:3      | 2911 ||| Stepping ~*~*~tactically~*~*~ (outnumbered).
  2929 | D:3      | Killed Robin
  2996 | D:3      | 2996 ||| UPGRADING to +2 helmet.
  3006 | D:3      | 3006 ||| DROPPING +0 helmet.
  3007 | D:3      | 3007 ||| DRINKING 2 brown potions.
  3082 | D:4      | Found a hide-covered altar of Uskayaw.
  3180 | D:4      | Found a staircase to the Ecumenical Temple.
  3216 | D:4      | Noticed Eustachio
  3231 | D:4      | Killed Eustachio
  3231 | D:4      | Reached * piety under Okawaru
  3232 | D:4      | Reached skill level 7 in Ranged Weapons
  3232 | D:4      | Reached XP level 7. HP: 28/43 MP: 7/7
  3289 | D:4      | 3289 ||| READING scroll of enchant armour.
  3289 | D:4      | 3289 ||| ENCHANTING +1 pair of gloves.
  3361 | D:4      | Found Inannan's Magic Scroll Boutique.
  3372 | D:4      | 3372 ||| BUYING 3 scrolls of identify (78 gold).
  3372 | D:4      | Bought 3 scrolls of identify for 78 gold pieces
  3372 | D:4      | 3372 ||| SHOPLISTING scroll of acquirement (676 gold, have
                  | 73).
  3372 | D:4      | 3372 ||| SHOPLISTING scroll of enchant armour (97 gold,
                  | have 73).
  3372 | D:4      | 3372 ||| BUYING scroll of teleportation (39 gold).
  3372 | D:4      | Bought a scroll of teleportation for 39 gold pieces
  3372 | D:4      | 3372 ||| SHOPLISTING scroll of teleportation (39 gold, have
                  | 34).
  3479 | D:4      | Found a white marble altar of Elyvilon.
  3554 | D:4      | 3554 ||| UPGRADING to +1 leather armour of positive energy.
  3564 | D:4      | 3564 ||| DROPPING +0 ring mail.
  3565 | D:4      | 3565 ||| DRINKING 3 fizzy puce potions.
  3566 | D:4      | 3566 ||| READING 4 scrolls of identify.
  3566 | D:4      | 3566 ||| IDENTIFYING clear potion
  3567 | D:4      | 3567 ||| READING 3 scrolls of identify.
  3567 | D:4      | 3567 ||| IDENTIFYING black potion
  3568 | D:4      | 3568 ||| DROPPING potion of berserk rage.
  3593 | D:5      | Entered Level 5 of the Dungeon
  3636 | D:5      | 3636 ||| INVOKING Heroism.
  3641 | D:5      | Reached skill level 8 in Ranged Weapons
  3644 | D:5      | Reached skill level 1 in Invocations
  3773 | D:5      | Noticed Menkaure
  3774 | D:5      | 3774 ||| INVOKING Heroism.
  3778 | D:5      | Killed Menkaure
  3778 | D:5      | Reached ** piety under Okawaru
  3779 | D:5      | Reached skill level 3 in Invocations
  3779 | D:5      | Reached XP level 8. HP: 48/48 MP: 6/10
  4218 | D:5      | 4218 ||| DROPPING +6 ring of intelligence.
  4219 | D:5      | 4219 ||| DRINKING 2 sapphire potions.
  4220 | D:5      | 4220 ||| DRINKING potion of curing.
  4220 | D:5      | 4220 ||| (to cure confusion)
  4221 | D:5      | 4221 ||| DRINKING 2 glowing inky potions.
  4222 | D:5      | 4222 ||| DROPPING potion of ambrosia.
  4319 | D:6      | 4319 ||| INVOKING Heroism.
  4346 | D:6      | Found a basalt altar of Yredelemnul.
  4347 | D:6      | Found a snail-covered altar of Cheibriados.
  4348 | D:6      | Found a shimmering blue altar of Sif Muna.
  4542 | D:6      | Identified the +3 scale mail "Onikh" {Int+2}
  4561 | D:6      | Reached skill level 9 in Ranged Weapons
  4617 | D:6      | Noticed Sigmund
  4618 | D:6      | 4618 ||| INVOKING Heroism.
  4619 | D:6      | Killed Sigmund
  4620 | D:6      | Reached skill level 6 in Fighting
  4669 | D:6      | 4669 ||| INVOKING Heroism.
  4671 | D:6      | 4671 ||| Stepping ~*~*~tactically~*~*~ (cloud).
  4673 | D:6      | 4673 ||| Stepping ~*~*~tactically~*~*~ (cloud).
  4680 | D:6      | 4680 ||| INVOKING Heroism.
  4812 | D:6      | 4812 ||| INVOKING Heroism.
  4815 | D:6      | Reached XP level 9. HP: 55/55 MP: 9/12
  4872 | D:6      | Reached *** piety under Okawaru
  4875 | D:6      | Reached skill level 10 in Ranged Weapons
  4920 | D:6      | Identified the +6 mace "Qewoff" {protect, Will++ Dex+6}
  5023 | D:6      | 5023 ||| INVOKING Heroism.
  5278 | D:6      | 5278 ||| UPGRADING to scarf of repulsion.
  5419 | D:7      | Reached skill level 3 in Dodging
  5438 | D:7      | Found Wexocaek's Antique Armour Shoppe.
  5486 | D:7      | Noticed a two-headed ogre
  5487 | D:7      | 5487 ||| INVOKING Heroism.
  5492 | D:7      | Killed a two-headed ogre
  5492 | D:7      | Reached **** piety under Okawaru
  5560 | D:7      | 5560 ||| READING scroll of enchant weapon.
  5560 | D:7      | 5560 ||| ENCHANTING +1 heavy shortbow.
  5637 | D:7      | Reached XP level 10. HP: 65/65 MP: 12/14
  5664 | D:7      | Reached ***** piety under Okawaru
  5710 | D:7      | Found Buarphime's Book Shop.
  5715 | D:7      | Noticed a gargoyle
  5720 | D:7      | Killed a gargoyle
  5721 | D:7      | Reached skill level 6 in Invocations
  5896 | D:7      | 5896 ||| BUYING embroidered robe (96 gold).
  5896 | D:7      | Bought an embroidered robe for 96 gold pieces
  5896 | D:7      | 5896 ||| SHOPLISTING fabulously ornate robe (148 gold, have
                  | 137).
  5896 | D:7      | 5896 ||| SHOPLISTING faintly glowing cloak (247 gold, have
                  | 137).
  5896 | D:7      | 5896 ||| SHOPLISTING transparent cloak (247 gold, have
                  | 137).
  6004 | D:7      | 6004 ||| UPGRADING to +0 pair of boots.
  6009 | D:7      | 6009 ||| UPGRADING to +2 robe of willpower.
  6071 | D:8      | Reached skill level 11 in Ranged Weapons
  6131 | D:8      | Found a runed translucent door.
  6172 | D:8      | 6172 ||| Stepping ~*~*~tactically~*~*~ (outnumbered).
  6205 | D:8      | Identified the +1 leather armour of Slovenliness {+Blink
                  | Int-5 Dex+4 Stlth+}
  6248 | D:8      | Found a runed translucent door.
  6362 | D:8      | Found a staircase to the Lair.
  6466 | D:8      | Received a gift from Okawaru
  6474 | D:8      | Found a sparkling altar of Nemelex Xobeh.
  6847 | D:8      | 6847 ||| PLANNING LAIR
  6847 | D:8      | 6847 ||| DROPPING +1 leather armour of positive energy.
  6848 | D:8      | 6848 ||| UPGRADING to +1 leather armour of Slovenliness
                  | {+Blink Int-5 Dex+4 Stlth+}.
  6851 | D:8      | Noticed an orange demon
  6858 | D:8      | 6858 ||| DROPPING +2 robe of willpower.
  6858 | D:8      | Noticed Amaemon
  6859 | D:8      | 6859 ||| READING scroll labelled BEORUL YVVERIC.
  6902 | Lair:1   | Entered Level 1 of the Lair of Beasts
  6903 | Lair:1   | Noticed a cane toad
  6904 | Lair:1   | 6904 ||| INVOKING Heroism.
  6912 | Lair:1   | Killed a cane toad
  6923 | Lair:1   | 6923 ||| STAIRDANCE
  6925 | D:8      | 6925 ||| INVOKING Heroism.
  6926 | D:8      | Identified the +0 robe of Okawaru's Castigation {Harm
                  | Regen+} (Okawaru gifted it to you on level 8 of the
                  | Dungeon)
  6926 | D:8      | Received a gift from Okawaru
  7048 | D:8      | 7048 ||| DROPPING +0 robe of Okawaru's Castigation {Harm
                  | Regen+}.
  7107 | Lair:1   | Reached skill level 3 in Armour
  7119 | Lair:1   | 7119 ||| INVOKING Heroism.
  7177 | Lair:1   | Noticed a cane toad
  7178 | Lair:1   | 7178 ||| INVOKING Heroism.
  7196 | Lair:1   | Killed a cane toad
  7197 | Lair:1   | Reached XP level 11. HP: 69/69 MP: 17/17
  7255 | Lair:1   | Identified the ring "Umnis" {Fly rPois}
  7324 | Lair:1   | 7324 ||| INVOKING Heroism.
  7329 | Lair:1   | Reached skill level 9 in Invocations
  7509 | Lair:1   | 7509 ||| INVOKING Heroism.
  7702 | Lair:1   | Noticed Fannar
  7714 | Lair:1   | 7714 ||| INVOKING Heroism.
  7718 | Lair:1   | Killed Fannar
  7719 | Lair:1   | Reached skill level 12 in Ranged Weapons
  8044 | Lair:1   | 8044 ||| DROPPING ring "Umnis" {Fly rPois}.
  8045 | Lair:1   | 8045 ||| READING 17 scrolls of identify.
  8045 | Lair:1   | 8045 ||| IDENTIFYING metallic puce potion
  8080 | Lair:2   | 8080 ||| INVOKING Heroism.
  8109 | Lair:2   | 8109 ||| STAIRDANCE
  8111 | Lair:1   | HP: 17/69 [yak (3)]
  8112 | Lair:1   | 8112 ||| READING 4 scrolls of teleportation.
  8113 | Lair:1   | 8113 ||| DRINKING potion of heal wounds.
  8236 | Lair:1   | 8236 ||| INVOKING Heroism.
  8377 | Lair:2   | 8377 ||| INVOKING Heroism.
  8402 | Lair:2   | Reached skill level 13 in Ranged Weapons
  8453 | Lair:2   | Noticed a bog body
  8454 | Lair:2   | Noticed a bog body
  8455 | Lair:2   | 8455 ||| INVOKING Heroism.
  8457 | Lair:2   | Killed a bog body
  8458 | Lair:2   | Reached skill level 9 in Fighting
  8462 | Lair:2   | Killed a bog body
  8468 | Lair:2   | Found a staircase to the Swamp.
  8479 | Lair:2   | 8479 ||| READING scroll of enchant weapon.
  8479 | Lair:2   | 8479 ||| ENCHANTING +2 heavy shortbow.
  8488 | Lair:2   | Noticed a seven-headed hydra
  8496 | Lair:2   | Found a transporter.
  8507 | Lair:2   | Noticed a moth of wrath
  8507 | Lair:2   | Noticed qw's ghost (journeyman GrHu)
  8533 | Lair:2   | Received a gift from Okawaru
  8587 | Lair:2   | Found a transporter.
  8592 | Lair:2   | Noticed a death yak
  8736 | Lair:2   | 8736 ||| INVOKING Heroism.
  8887 | Lair:2   | 8887 ||| INVOKING Heroism.
  8893 | Lair:2   | Reached XP level 12. HP: 71/76 MP: 17/19
  9017 | Lair:2   | Found a staircase to the Snake Pit.
  9018 | Lair:2   | 9018 ||| Stepping ~*~*~tactically~*~*~ (outnumbered).
  9021 | Lair:2   | 9021 ||| FLEEEEING.
  9026 | Lair:2   | 9026 ||| FLEEEEING.
  9027 | Lair:2   | 9027 ||| FLEEEEING.
  9028 | Lair:2   | 9028 ||| FLEEEEING.
  9029 | Lair:2   | 9029 ||| FLEEEEING.
  9030 | Lair:2   | 9030 ||| FLEEEEING.
  9031 | Lair:2   | 9031 ||| FLEEEEING.
  9032 | Lair:2   | 9032 ||| FLEEEEING.
  9033 | Lair:2   | 9033 ||| FLEEEEING.
  9037 | Lair:2   | 9037 ||| FLEEEEING.
  9038 | Lair:2   | 9038 ||| FLEEEEING.
  9039 | Lair:2   | 9039 ||| FLEEEEING.
  9040 | Lair:2   | 9040 ||| FLEEEEING.
  9041 | Lair:2   | 9041 ||| STAIRDANCE
  9067 | Lair:1   | 9067 ||| DROPPING scarf of harm.
  9172 | Lair:2   | Reached skill level 14 in Ranged Weapons
  9174 | Lair:2   | 9174 ||| FLEEEEING.
  9381 | Lair:3   | 9381 ||| INVOKING Heroism.
  9398 | Lair:3   | 9398 ||| INVOKING Heroism.
  9453 | Lair:3   | 9453 ||| INVOKING Heroism.
  9712 | Lair:3   | Noticed a skyshark
  9719 | Lair:3   | Killed a skyshark
  9720 | Lair:3   | Reached skill level 6 in Dodging
  9814 | Lair:3   | 9814 ||| READING scroll labelled TUDWUDOATSE.
  9852 | Lair:3   | 9852 ||| INVOKING Heroism.
 10030 | Lair:3   | Received a gift from Okawaru
 10042 | Lair:3   | 10042 ||| INVOKING Heroism.
 10711 | Lair:4   | Noticed a seven-headed hydra
 10712 | Lair:4   | 10712 ||| INVOKING Heroism.
 10713 | Lair:4   | 10713 ||| INVOKING Finesse.
 10722 | Lair:4   | Killed a seven-headed hydra
 10824 | Lair:4   | Identified the +2 pair of boots of the Sturgeon {Dex+3}
                  | (Okawaru gifted it to you on level 4 of the Lair of Beasts)
 10824 | Lair:4   | Received a gift from Okawaru
 11096 | Lair:4   | Noticed a death yak
 11097 | Lair:4   | 11097 ||| INVOKING Heroism.
 11098 | Lair:4   | 11098 ||| INVOKING Finesse.
 11099 | Lair:4   | Noticed a death yak
 11099 | Lair:4   | Noticed a death yak
 11105 | Lair:4   | Noticed a death yak
 11105 | Lair:4   | Noticed a death yak
 11107 | Lair:4   | Killed a death yak
 11109 | Lair:4   | Noticed a death yak
 11113 | Lair:4   | Killed a death yak
 11121 | Lair:4   | Killed a death yak
 11130 | Lair:4   | Killed a death yak
 11131 | Lair:4   | Reached XP level 13. HP: 30/84 MP: 15/20
 11131 | Lair:4   | 11131 ||| INVOKING Heroism.
 11131 | Lair:4   | HP: 15/84 [death yak (16)]
 11132 | Lair:4   | 11132 ||| READING 3 scrolls of teleportation.
 11133 | Lair:4   | 11133 ||| DRINKING 2 potions of heal wounds.
 11135 | Lair:4   | 11135 ||| DRINKING potion of heal wounds.
 11384 | Lair:4   | Found a staircase to the Slime Pits.
 11385 | Lair:4   | Found a viscous altar of Jiyva.
 11524 | Lair:4   | 11524 ||| INVOKING Heroism.
 11525 | Lair:4   | 11525 ||| INVOKING Finesse.
 11540 | Lair:4   | Reached skill level 12 in Fighting
 11707 | Lair:4   | 11707 ||| UPGRADING to +2 pair of boots of the Sturgeon
                  | {Dex+3}.
 11717 | Lair:4   | 11717 ||| DROPPING +0 pair of boots.
 11718 | Lair:4   | 11718 ||| READING 21 scrolls of identify.
 11718 | Lair:4   | 11718 ||| IDENTIFYING fizzy orange potion
 11747 | Lair:5   | Entered Level 5 of the Lair of Beasts
 11748 | Lair:5   | 11748 ||| INVOKING Heroism.
 11749 | Lair:5   | 11749 ||| INVOKING Finesse.
 11804 | Lair:5   | Identified the orb of Divine Intervention {*channel, Regen+
                  | SInv Stlth+}
 11865 | Lair:5   | Received a gift from Okawaru
 11881 | Lair:5   | 11881 ||| INVOKING Heroism.
 11954 | Lair:5   | 11954 ||| INVOKING Heroism.
 12027 | Lair:5   | 12027 ||| INVOKING Heroism.
 12028 | Lair:5   | 12028 ||| INVOKING Finesse.
 12079 | Lair:5   | 12079 ||| INVOKING Heroism.
 12087 | Lair:5   | Reached skill level 9 in Dodging
 12118 | Lair:5   | Reached skill level 6 in Armour
 12212 | Lair:5   | 12212 ||| INVOKING Heroism.
 12271 | Lair:5   | Identified the +0 scale mail of Dyspraxia {rPois Will+
                  | Str-5 Int+5} (Okawaru gifted it to you on level 5 of the
                  | Lair of Beasts)
 12271 | Lair:5   | Received a gift from Okawaru
 12341 | Lair:5   | 12341 ||| INVOKING Heroism.
 12342 | Lair:5   | 12342 ||| Stepping ~*~*~tactically~*~*~ (water).
 12343 | Lair:5   | 12343 ||| INVOKING Finesse.
 12421 | Lair:5   | 12421 ||| Stepping ~*~*~tactically~*~*~ (water).
 12430 | Lair:5   | 12430 ||| INVOKING Heroism.
 12444 | Lair:5   | Gained mutation: Your large and strong wings let you fly.
                  | [Gargoyle growth]
 12444 | Lair:5   | Reached XP level 14. HP: 80/96 MP: 21/21
 12466 | Lair:5   | 12466 ||| INVOKING Heroism.
 12477 | Lair:5   | Noticed Kirke
 12478 | Lair:5   | 12478 ||| INVOKING Finesse.
 12490 | Lair:5   | Reached skill level 15 in Fighting
 12499 | Lair:5   | Killed Kirke
 12566 | Lair:5   | 12566 ||| INVOKING Heroism.
 12666 | Lair:5   | 12666 ||| FLEEEEING.
 12807 | Lair:5   | Identified the +1 robe of Coplut {rN+}
 13125 | Lair:5   | 13125 ||| PLANNING D:1-11
 13125 | Lair:5   | 13125 ||| DROPPING +1 robe of Coplut {rN+}.
 13126 | Lair:5   | 13126 ||| DRINKING 2 yellow potions.
 13127 | Lair:5   | 13127 ||| DROPPING potion of degeneration.
 13845 | D:9      | Found Hyffont's General Store.
 13848 | D:9      | Found Tulem's Specific Store.
 14337 | D:9      | 14337 ||| READING 22 scrolls of identify.
 14337 | D:9      | 14337 ||| IDENTIFYING sedimented sapphire potion
 14384 | D:10     | Entered Level 10 of the Dungeon
 14559 | D:10     | Found a staircase to the Orcish Mines.
 14561 | D:10     | 14561 ||| SWAPPING to +0 orcbow.
 14562 | D:10     | 14562 ||| DROPPING +3 heavy shortbow.
 14563 | D:10     | 14563 ||| READING 3 scrolls of brand weapon.
 14563 | D:10     | 14563 ||| BRANDING +0 orcbow.
 14564 | D:10     | 14564 ||| READING 2 scrolls of brand weapon.
 14564 | D:10     | 14564 ||| BRANDING +0 orcbow of chaos.
 14565 | D:10     | 14565 ||| READING scroll of brand weapon.
 14565 | D:10     | 14565 ||| BRANDING +0 orcbow of freezing.
 14947 | D:10     | Noticed Urug
 14948 | D:10     | 14948 ||| INVOKING Heroism.
 14949 | D:10     | 14949 ||| INVOKING Finesse.
 14959 | D:10     | Killed Urug
 15123 | D:11     | 15123 ||| INVOKING Heroism.
 15124 | D:11     | 15124 ||| INVOKING Finesse.
 15143 | D:11     | Identified the +4 longbow of Ureof {freeze, rElec rN+ MP+9
                  | SInv} (Okawaru gifted it to you on level 11 of the Dungeon)
 15143 | D:11     | Received a gift from Okawaru
 15179 | D:11     | 15179 ||| SWAPPING to +4 longbow of Ureof {freeze, rElec
                  | rN+ MP+9 SInv}.
 15546 | D:11     | 15546 ||| PLANNING D
 15546 | D:11     | 15546 ||| DROPPING ring of willpower.
 15600 | D:12     | Noticed Nessos
 15601 | D:12     | 15601 ||| INVOKING Finesse.
 15609 | D:12     | Killed Nessos
 15660 | D:12     | 15660 ||| DROPPING +0 orcbow of flaming.
 15661 | D:12     | 15661 ||| DROPPING +0 arbalest.
 15676 | D:12     | 15676 ||| INVOKING Heroism.
 15677 | D:12     | 15677 ||| INVOKING Finesse.
 15779 | D:12     | Reached skill level 15 in Ranged Weapons
 15824 | D:12     | Noticed Azrael
 15825 | D:12     | 15825 ||| INVOKING Heroism.
 15830 | D:12     | Killed Azrael
 15964 | D:12     | Noticed Psyche
 15971 | D:12     | Killed Psyche
 16099 | D:12     | Found Okeme's General Store.
 16487 | D:13     | 16487 ||| Stepping ~*~*~tactically~*~*~ (outnumbered).
 16488 | D:13     | 16488 ||| Stepping ~*~*~tactically~*~*~ (outnumbered).
 16489 | D:13     | 16489 ||| Stepping ~*~*~tactically~*~*~ (outnumbered).
 16676 | D:13     | Noticed qw's ghost (journeyman NaHu)
 16744 | D:13     | 16744 ||| INVOKING Heroism.
 16780 | D:13     | 16780 ||| INVOKING Heroism.
 16787 | D:13     | Reached skill level 16 in Ranged Weapons
 16809 | D:13     | Reached XP level 15. HP: 78/103 MP: 22/22
 16829 | D:13     | Identified the +11 crystal plate armour of the Barracuda
                  | {Will+} (Okawaru gifted it to you on level 13 of the
                  | Dungeon)
 16829 | D:13     | Received a gift from Okawaru
 16927 | D:13     | Found a gate to the Vaults.
 16950 | D:13     | Found a shadowy altar of Dithmenos.
 17021 | D:13     | Found a transporter.
 17026 | D:13     | Found a transporter.
 17026 | D:13     | Noticed Xyoprad's ghost (journeyman FoFi)
 17033 | D:13     | Identified the +2 quarterstaff of the Distant Future
                  | {flame, rF- Int+6 Stlth+}
 17034 | D:13     | You are sucked into a shaft and drop 2 floors!
 17034 | D:15     | Entered Level 15 of the Dungeon
 17242 | D:14     | 17242 ||| INVOKING Heroism.
 17522 | D:13     | Identified the +3 sling of Defence by Offence {freeze, rF+
                  | rC+ Str+4}
 17602 | D:14     | Found a transporter.
 17604 | D:14     | Found a one-way gate to the infinite horrors of the Abyss.
 17604 | D:14     | Noticed Cofimnas's ghost (journeyman FoFi)
 17679 | D:14     | 17679 ||| Stepping ~*~*~tactically~*~*~ (outnumbered).
 17680 | D:14     | 17680 ||| Stepping ~*~*~tactically~*~*~ (outnumbered).
 17684 | D:14     | 17684 ||| Stepping ~*~*~tactically~*~*~ (outnumbered).
 17755 | D:14     | Noticed a tentacled starspawn
 17766 | D:14     | Noticed a profane servitor
 17829 | D:14     | Found a transporter.
 17834 | D:14     | 17834 ||| INVOKING Heroism.
 17835 | D:14     | 17835 ||| INVOKING Finesse.
 18004 | D:14     | Reached skill level 17 in Ranged Weapons
 18214 | D:14     | 18214 ||| DROPPING amulet of the acrobat.
 18319 | D:15     | 18319 ||| FLEEEEING.
 18488 | D:15     | 18488 ||| INVOKING Heroism.
 19087 | D:15     | Found a staircase to the Depths.
 19088 | D:15     | 19088 ||| INVOKING Heroism.
 19103 | D:15     | 19103 ||| PLANNING ORC
 19257 | Orc:1    | Entered Level 1 of the Orcish Mines
 19299 | Orc:1    | 19299 ||| INVOKING Heroism.
 19426 | Orc:2    | Entered Level 2 of the Orcish Mines
 19426 | Orc:2    | Found Ladatel's General Store.
 19444 | Orc:2    | 19444 ||| INVOKING Heroism.
 19449 | Orc:2    | Reached skill level 18 in Ranged Weapons
 19451 | Orc:2    | Noticed an orc warlord
 19458 | Orc:2    | 19458 ||| INVOKING Finesse.
 19473 | Orc:2    | 19473 ||| INVOKING Heroism.
 19484 | Orc:2    | 19484 ||| STAIRDANCE
 19488 | Orc:1    | Killed an orc warlord
 19638 | Orc:2    | 19638 ||| INVOKING Heroism.
 19660 | Orc:2    | 19660 ||| STAIRDANCE
 19660 | Orc:2    | HP: 24/103 [two-headed ogre/+0 giant club (10)]
 19662 | Orc:1    | 19662 ||| READING 4 scrolls of teleportation.
 19663 | Orc:1    | 19663 ||| DRINKING 2 potions of heal wounds.
 19687 | Orc:1    | 19687 ||| INVOKING Heroism.
 19708 | Orc:1    | 19708 ||| INVOKING Heroism.
 19748 | Orc:1    | 19748 ||| INVOKING Heroism.
 19863 | Orc:2    | Found Ganos's Assorted Antiques.
 19870 | Orc:2    | 19870 ||| INVOKING Heroism.
 20013 | Orc:2    | Found Ruiheil's Antique Armour Boutique.
 20147 | Orc:1    | 20147 ||| Stepping ~*~*~tactically~*~*~ (outnumbered).
 20150 | Orc:1    | 20150 ||| Stepping ~*~*~tactically~*~*~ (outnumbered).
 20151 | Orc:1    | 20151 ||| Stepping ~*~*~tactically~*~*~ (outnumbered).
 20153 | Orc:1    | 20153 ||| Stepping ~*~*~tactically~*~*~ (outnumbered).
 20155 | Orc:1    | 20155 ||| Stepping ~*~*~tactically~*~*~ (outnumbered).
 20157 | Orc:1    | 20157 ||| Stepping ~*~*~tactically~*~*~ (outnumbered).
 20160 | Orc:1    | Reached skill level 19 in Ranged Weapons
 20236 | Orc:2    | 20236 ||| BUYING 2 potions of curing (90 gold).
 20236 | Orc:2    | Bought 2 potions of curing for 90 gold pieces
 20282 | Orc:2    | 20282 ||| BUYING potion of curing (99 gold).
 20282 | Orc:2    | Bought a potion of curing for 99 gold pieces
 20282 | Orc:2    | 20282 ||| BUYING potion of curing (99 gold).
 20282 | Orc:2    | Bought a potion of curing for 99 gold pieces
 20282 | Orc:2    | 20282 ||| BUYING potion of haste (330 gold).
 20282 | Orc:2    | Bought a potion of haste for 330 gold pieces
 20284 | Orc:2    | Found Asaoplew's Magic Scroll Emporium.
 20300 | Orc:2    | 20300 ||| BUYING scroll of enchant armour (105 gold).
 20300 | Orc:2    | Bought a scroll of enchant armour for 105 gold pieces
 20300 | Orc:2    | 20300 ||| BUYING scroll of enchant weapon (105 gold).
 20300 | Orc:2    | Bought a scroll of enchant weapon for 105 gold pieces
 20300 | Orc:2    | 20300 ||| BUYING scroll of teleportation (42 gold).
 20300 | Orc:2    | Bought a scroll of teleportation for 42 gold pieces
 20305 | Orc:2    | 20305 ||| BUYING pair of glowing boots (202 gold).
 20305 | Orc:2    | Bought a pair of glowing boots for 202 gold pieces
 20305 | Orc:2    | 20305 ||| BUYING translucent helmet (256 gold).
 20305 | Orc:2    | Bought a translucent helmet for 256 gold pieces
 20305 | Orc:2    | Identified the +1 helmet of a ziggurat {rF+} (You bought it
                  | in a shop on level 2 of the Orcish Mines)
 20409 | Orc:2    | 20409 ||| INVOKING Heroism.
 20485 | Orc:2    | Noticed Jorgrun
 20486 | Orc:2    | 20486 ||| INVOKING Heroism.
 20487 | Orc:2    | 20487 ||| INVOKING Finesse.
 20503 | Orc:2    | Killed Jorgrun
 20605 | Orc:2    | Found a staircase to the Elven Halls.
 20797 | Orc:2    | 20797 ||| PLANNING SNAKE:1-3
 20797 | Orc:2    | 20797 ||| DROPPING +1 pair of boots.
 20798 | Orc:2    | 20798 ||| UPGRADING to +1 helmet of a ziggurat {rF+}.
 20975 | Snake:1  | Entered Level 1 of the Snake Pit
 21005 | Snake:1  | Reached XP level 16. HP: 108/108 MP: 23/23
 21007 | Snake:1  | Noticed Frances
 21008 | Snake:1  | 21008 ||| INVOKING Heroism.
 21019 | Snake:1  | Killed Frances
 21604 | Snake:1  | Noticed Nikola
 21605 | Snake:1  | 21605 ||| INVOKING Heroism.
 21606 | Snake:1  | 21606 ||| INVOKING Finesse.
 21620 | Snake:1  | Killed Nikola
 21621 | Snake:1  | Reached skill level 20 in Ranged Weapons
 21775 | Snake:1  | Noticed Agnes
 21776 | Snake:1  | 21776 ||| INVOKING Heroism.
 21776 | Snake:1  | Noticed Aizul
 21777 | Snake:1  | 21777 ||| INVOKING Finesse.
 21785 | Snake:1  | Killed Agnes
 21792 | Snake:1  | Killed Aizul
 22077 | Snake:1  | 22077 ||| READING 24 scrolls of identify.
 22077 | Snake:1  | 22077 ||| IDENTIFYING puce potion
 22098 | Snake:2  | 22098 ||| INVOKING Heroism.
 22247 | Snake:2  | Received a gift from Okawaru
 22731 | Snake:2  | 22731 ||| Stepping ~*~*~tactically~*~*~ (outnumbered).
 22733 | Snake:2  | 22733 ||| INVOKING Heroism.
 22734 | Snake:2  | 22734 ||| Stepping ~*~*~tactically~*~*~ (outnumbered).
 23421 | Snake:2  | 23421 ||| DROPPING +1 robe of cold resistance.
 23455 | Snake:3  | Noticed a nagaraja
 23456 | Snake:3  | 23456 ||| INVOKING Heroism.
 23462 | Snake:3  | Killed a nagaraja
 23470 | Snake:3  | Noticed a nagaraja
 23470 | Snake:3  | Noticed a nagaraja
 23470 | Snake:3  | Noticed a nagaraja
 23470 | Snake:3  | Noticed a nagaraja
 23475 | Snake:3  | Killed a nagaraja
 23476 | Snake:3  | Killed a nagaraja
 23481 | Snake:3  | HP: 22/110 [nagaraja/+0 halberd (14)]
 23482 | Snake:3  | 23482 ||| DRINKING potion of heal wounds.
 23483 | Snake:3  | Killed a nagaraja
 23484 | Snake:3  | 23484 ||| STAIRDANCE
 23484 | Snake:3  | HP: 10/110 [salamander/+1 trident (1)]
 23484 | Snake:3  | HP: 4/110 [salamander/+1 trident (6)]
 23484 | Snake:3  | Slain by a nagaraja

Levels and vault maps discovered:
D:1:      dpeg_arrival_castle, layout_basic
D:2:      layout_loops_ring, shapermc_ecumenical_altar_mp_urbaneastern,
          basic_altar
D:3:      layout_loops_corners, okawaru_altar_gauntlet_db, serial_bayou_pond_c,
          uniq_robin, uniq_natasha
D:4:      layout_rooms, kennysheep_mini_moat, general_overflow_altar,
          minmay_temple_entry_trees, serial_shops, shop,
          wad_floor_pattern_untrapped, uniq_eustachio
D:5:      layout_basic, uniq_menkaure
D:6:      layout_loops_corners, gammafunk_temple_overflow_forgotten,
          solitary_fountain, kennysheep_generic_room_7, uniq_sigmund
D:7:      layout_gridville, serial_shops, nicolae_shop_waterfront, shop,
          kennysheep_cross_bottleneck, minmay_misc_feat_hallway, minmay_ruffians
D:8:      cheibrodos_histonic, layout_basic, nemelex_altar_shiori,
          lair_entry_dummy, uniq_amaemon
D:9:      layout_layer_cave, nicolae_specific_store
D:10:     layout_irregular_city, david_orc_2, uniq_urug
D:11:     layout_basic
D:12:     layout_roguey, serial_shops, shop, uniq_nessos, uniq_psyche,
          uniq_azrael
D:13:     layout_small_grid, david_vaults_1, nzn_ghost_randoct,
          nicolae_dithmenos_shadow_blocks
D:14:     layout_loops_ring, gammafunk_ghost_abyssal_escape,
          grunt_decor_resistance
D:15:     grunt_enter_depths_snipers, layout_basic, serial_rivers,
          chequers_serial_rivers_room_b, chequers_serial_rivers_micro_a,
          chequers_serial_rivers_large_b, chequers_serial_rivers_micro_b,
          chequers_serial_rivers_micro_d, minivault_16,
          chequers_decorated_corner
Lair:1:   layout_roguey, kennysheep_rathole, uniq_fannar
Lair:2:   layout_chaotic_city, skrybe_swamp_entry_bodies,
          nicolae_snake_entry_warm_welcome, gammafunk_ghost_berserking_beasts,
          grunt_megastairs_3, serial_bayou_shore_a
Lair:3:   layout_cave_pods, minmay_stone_trees_small
Lair:4:   layout_cave_pods, slime_entry_1, serial_bayou_crossing,
          lemuel_fruit_tree
Lair:5:   minmay_lair_end_frog_pond, layout_loops_ring,
          chequers_serial_rivers_large_a, uniq_kirke
Snake:1:  layout_chambers, uniq_frances, uniq_aizul, uniq_nikola, uniq_agnes
Snake:2:  layout_layer_cave, nicolae_triple_integral
Snake:3:  nicolae_aizul_guard, layout_rooms, serial_shops, shop
Orc:1:    layout_caves
Orc:2:    st_orc_open, layout_caves, uniq_jorgrun

Skill      XL: |  1  2  3  4  5  6  7  8  9 10 11 12 13 14 15 16 |
---------------+-------------------------------------------------+-----
Ranged Weapons | 5 6 7 8 9 10 11 13 14 16 19 20 | 20.0
Armour         | 1 2 3 5 6 7 |  7.0
Fighting       | 3 4 6 8 9 11 14 15 16 | 16.3
Dodging        | 2 3 4 5 7 9 11 | 11.0
Invocations    | 3 4 5 8 10 | 10.0
Stealth        | |  1.1

Action                     |  1- 3 |  4- 6 |  7- 9 | 10-12 | 13-15 | 16-18 || total
---------------------------+-------+-------+-------+-------+-------+-------++-------
   Fire: Shortbow          |   128 |   196 |   160 |   495 |   466 |       ||  1445
         Longbow           |       |       |       |       |   506 |   257 ||   763
         Orcbow            |       |       |       |       |    76 |       ||    76
 Invoke: Heroism           |       |       |     9 |    20 |    32 |     6 ||    67
         Finesse           |       |       |       |     2 |    12 |     2 ||    16
    Use: Scroll            |     4 |    12 |     4 |     5 |     7 |     1 ||    33
         Potion            |       |     3 |     4 |     1 |     4 |     1 ||    13
 Armour: Leather armour    |     3 |       |    26 |    99 |   185 |    23 ||   336
         Ring mail         |    15 |   102 |       |       |       |       ||   117
         Robe              |       |       |       |     2 |       |       ||     2
  Dodge: Dodged            |    46 |   152 |    91 |   423 |  1047 |   145 ||  1904
         Repelled          |       |       |       |     1 |     2 |     6 ||     9

Table legend:
 A = Non-vault XP
 B = Vault XP
 C = Vault XP percentage of total XP
 D = Non-vault monster count
 E = Vault monster count
 F = Vault count percentage of total count
                 A         B        C        D         E       F
            +---------+---------+-------+---------+---------+-------
      Total |  113984 |   56618 |  33.2 |     504 |     160 |  24.1
            +---------+---------+-------+---------+---------+-------
        D:1 |      44 |       0 |   0.0 |      26 |       0 |   0.0
        D:2 |      57 |       0 |   0.0 |      18 |       0 |   0.0
        D:3 |     212 |      98 |  31.6 |      22 |      20 |  47.6
        D:4 |     102 |     185 |  64.5 |       8 |       1 |  11.1
        D:5 |     498 |     172 |  25.7 |      12 |       1 |   7.7
        D:6 |    1114 |     418 |  27.3 |      21 |       3 |  12.5
        D:7 |    1838 |     979 |  34.8 |      13 |       5 |  27.8
        D:8 |    1678 |       0 |   0.0 |      26 |       0 |   0.0
        D:9 |     942 |       0 |   0.0 |      16 |       0 |   0.0
       D:10 |    2171 |    1072 |  33.1 |      21 |       8 |  27.6
       D:11 |    3052 |       0 |   0.0 |      13 |       0 |   0.0
       D:12 |    3582 |    2555 |  41.6 |      11 |       4 |  26.7
       D:13 |    8799 |    1829 |  17.2 |      31 |       4 |  11.4
       D:14 |    6536 |       0 |   0.0 |      13 |       0 |   0.0
       D:15 |    6892 |    2679 |  28.0 |      13 |       3 |  18.8
     Lair:1 |    4037 |    1789 |  30.7 |      14 |      14 |  50.0
     Lair:2 |    3731 |    3433 |  47.9 |      20 |      13 |  39.4
     Lair:3 |    6759 |       0 |   0.0 |      25 |       0 |   0.0
     Lair:4 |   12901 |       0 |   0.0 |      26 |       0 |   0.0
     Lair:5 |   12629 |   12510 |  49.8 |      41 |      37 |  47.4
    Snake:1 |   11377 |    6807 |  37.4 |      19 |       4 |  17.4
    Snake:2 |   18656 |       0 |   0.0 |      37 |       0 |   0.0
    Snake:3 |       0 |    5272 | 100.0 |       0 |       5 | 100.0
      Orc:1 |    3685 |    2011 |  35.3 |      31 |       5 |  13.9
      Orc:2 |    2692 |   14809 |  84.6 |      27 |      33 |  55.0
            +---------+---------+-------+---------+---------+-------
